 Dungeon Crawl Stone Soup version 0.29-a0-1027-gcd8c55af63 (webtiles) character file.

Game seed: 10174424847890714674

32 flotson the Sneak (level 3, 0/29 HPs)
             Began as a Demonspawn Delver on Aug 12, 2022.
             Slain by an ufetubus (5 damage)
             ... on level 5 of the Dungeon.
             The game lasted 00:01:04 (105 turns).

flotson the Sneak (Demonspawn Delver)                Turns: 105, Time: 00:01:05

Health: 0/29       AC:  0    Str: 14    XL:     3   Next: 8%
Magic:  3/3        EV: 12    Int: 11    God:
Gold:   0          SH:  0    Dex: 14    Spells: 2/2 levels left

rFire   . . .      SeeInvis .   a - +0 hand axe
rCold   . . .      Faith    .   (no shield)
rNeg    . . .      Spirit   .   b - +0 leather armour
rPois   .          Reflect  .   (helmet restricted)
rElec   .          Harm     .   (no cloak)
rCorr   .          Rampage  .   (no gloves)
Will    .....                   (no boots)
Stlth   ++........              (no amulet)
HPRegen 0.09/turn               (no ring)
MPRegen 0.08/turn               (no ring)

@: corroded
A: antennae 1
a: no special abilities


You were on level 5 of the Dungeon.
You visited 1 branch of the dungeon, and saw 1 of its levels.

Inventory:

Hand Weapons
 a - a +0 hand axe (weapon)
Missiles
 h - 6 poisoned darts (quivered)
Armour
 b - a +0 leather armour (worn)
Wands
 g - a wand of digging (3)
Scrolls
 c - a scroll of fog
 e - a scroll of fear


   Skills:
 + Level 3.2 Fighting
 - Level 1.7 Axes
 + Level 0.9 Throwing
 + Level 0.9 Armour
 + Level 2.1 Dodging
 - Level 4.5 Stealth
 + Level 1.0 Evocations


You had 2 spell levels left.
You didn't know any spells.
Your spell library was empty.

Dungeon Overview and Level Annotations

Branches:
Dungeon (5/15)             Temple (0/1) D:5

Altars:


Innate Abilities, Weirdness & Mutations

You have a pair of small antennae on your head.


Message History

h - 6 poisoned darts (gained 1)
An adder comes into view.
Your extra speed is starting to run out.
Things that are here:
a +0 hand axe; a +0 leather armour; an orc corpse You feel yourself slow down.
Found a staircase to the Ecumenical Temple.
An ogre comes into view. It is wielding a +0 giant club.
The ogre moves out of view.
A quokka comes into view.
Found a scroll labelled QESEAM JIKEQEN.
As you read the scroll of magic mapping, it crumbles to dust.
You feel aware of your surroundings.
An ufetubus comes into view.
You aren't carrying any potions.
You aren't carrying any potions.
Unknown command.
Unknown command.
The ogre attacks as you move away! The ogre barely misses you.
The ufetubus shouts!
The ufetubus attacks as you move away!
The ufetubus hits you but does no damage. x2
The ufetubus attacks as you move away! The ufetubus barely misses you.
The ufetubus hits you. x2; The ufetubus closely misses you.
You open the door.
A jelly comes into view.
The jelly quivers.
The ufetubus completely misses you.
The ufetubus hits you but does no damage.
The ufetubus hits you. The ufetubus misses you.
There is an open door here.
The ufetubus attacks as you move away! The ufetubus barely misses you. x2
Found a twisted bone wand and 17 gold pieces.
The jelly hits you but does no damage.
Found a stone staircase leading up.
The ufetubus barely misses you.
The ufetubus hits you but does no damage.
The jelly hits you. The acid corrodes you!
You are splashed with acid!
* * * LOW HITPOINT WARNING * * *
The ufetubus hits you.
You die...

*********,#.............###......
*,,,,*,#.............# ##.....
*,**,*,#......######## ######
****,**,*,#......#
,,,*,**,*,#......# ***###****
**,*,**,#.####'#####,,....,,*
*,*,**+#.....J....+,,.....,*
*,*,,,....###O#####........#####
*,*,,,........5@..<.............
*,*,,,.../..#.#####.............
*,*,,,.$..#.#.# *,,...........
*,*,,,...,.,#.# *,,.S.........
*,*,,,..,.#*#.# *,,...........
*,*,,,.,..,,#.# ***.###.......
*,*,,^*##**+#.#*** *,* #.......
*,*,,,* *,,..,,,* *,* #.......
*,*,,,* *,,,,,,,* *,* #.......


You could see an ogre and an ufetubus.

Vanquished Creatures
  A hound (D:5)
  An orc (D:5)
2 creatures vanquished.

Notes
Turn   | Place    | Note
-------+----------+-------------------------------------------
     0 | D:5      | flotson the Demonspawn Delver began the quest for the Orb.
     0 | D:5      | Reached XP level 1. HP: 18/18 MP: 1/1
    16 | D:5      | Noticed a hound
    32 | D:5      | Killed a hound
    33 | D:5      | Reached skill level 1 in Evocations
    33 | D:5      | Gained mutation: You have a pair of small antennae on your
                  | head. [demonic ancestry]
    33 | D:5      | Reached XP level 2. HP: 13/24 MP: 2/2
    33 | D:5      | Reached XP level 3. HP: 15/29 MP: 3/3
    71 | D:5      | Found a staircase to the Ecumenical Temple.
    73 | D:5      | Noticed an ogre
   105 | D:5      | Slain by an ufetubus

Illustrated notes

Levels and vault maps discovered:
D:5:      layout_basic, minmay_temple_entry_mini_moons

Skill      XL: |  1 |
---------------+----+-----
Dodging        | 2 |  2.1
Evocations     | 1 |  1.0
Fighting       | |  3.2
Axes           | |  1.7
Throwing       | |  0.9
Armour         | |  0.9
Stealth        | |  4.5

Action                   || total
-------------------------++-------
Melee: Hand axe          ||    11
Throw: Dart              ||     4
  Use: Potion            ||     1
       Scroll            ||     1
Armor: Leather armour    ||     6
Dodge: Dodged            ||    13

Table legend: (Time is in decaauts)
 A = Elapsed time spent in this place.
 B = Non-inter-level travel time spent in this place.
 C = Inter-level travel time spent in this place.
 D = Time resting spent in this place.
 E = Time spent auto-exploring this place.
 F = Levels seen in this place.
 G = Mean time per level.
                   A        B        C        D        E       F      G
               +--------+--------+--------+--------+--------+-----+--------+
         Total |     91 |     91 |      0 |      0 |      7 |   1 |   91.0 |
       Dungeon |     91 |     91 |      0 |      0 |      7 |   1 |   91.0 |
               +--------+--------+--------+--------+--------+-----+--------+

Top non-repeatable levels by time:
     D:5: 91 daAuts
